| TOP OF THE 1ST |
|
Montreal Expos batting - Pitching for San Diego Padres : LHP Danny Arizola
|
|
Pitching: LHP Danny Arizola
|
|
|
Batting: LHB Guonçalo Fernandes
|
0-0: Ball 1-0: Ball 2-0: Ball 3-0: Called Strike 3-1: Base on Balls
|
|
Batting: SHB Garry Templeton
|
0-0: Called Strike 0-1: Ball 1-1: Ball 2-1: Fly out, F7 (Flyball, 7, EV 85.6 MPH)
|
|
Batting: LHB Kirk Gibson
|
0-0: Ball 1-0: Swinging Strike 1-1: Foul Ball, location: 2F 1-2: Strikes out looking
|
|
Batting: RHB Dale Murphy
|
0-0: Ball 1-0: Ball 2-0: Called Strike 2-1: Foul Ball, location: 2F 2-2: Ball 3-2: Foul Ball, location: 2F 3-2: Base on Balls Guonçalo Fernandes to second
|
|
Batting: RHB Luis Sanchez
|
0-0: Foul Ball, location: 2F 0-1: Ball 1-1: Ball 2-1: Called Strike 2-2: Ball 3-2: Base on Balls Guonçalo Fernandes to third Dale Murphy to second
|
|
Batting: LHB Timnothy Meyer
|
0-0: Ball 1-0: Foul Ball, location: 2F 1-1: Ball 2-1: Foul Ball, location: 2F 2-2: Ground out U3 (Groundball, 34, EV 103.1 MPH)
|
| Top of the 1st over - 0 runs, 0 hits, 0 errors, 3 left on base; Montreal 0 - San Diego 0 |
| BOTTOM OF THE 1ST |
|
San Diego Padres batting - Pitching for Montreal Expos : LHP Frank Tanana
|
|
Pitching: LHP Frank Tanana
|
|
|
Batting: RHB Bob Dernier
|
0-0: Called Strike 0-1: Ball 1-1: Swinging Strike 1-2: Ground out 5-3 (Groundball, 56, EV 88.8 MPH)
|
|
Batting: RHB Joel Youngblood
|
0-0: Called Strike 0-1: Ball 1-1: Ball 2-1: Foul Ball, location: 2F 2-2: Reached on error, E5 (Groundball, 5, EV 88.1 MPH)
|
|
Batting: RHB Dennis Dungy
|
0-0: Ball Joel Youngblood steals 2nd base 1-0: Ball 2-0: Fly out, F8 (Flyball, 8LD, EV 91.9 MPH) Runner from 2nd tags up, SAFE at 3rd with throw by CF
|
|
Batting: RHB Eddy Martinez
|
0-0: Foul Ball, location: 2F 0-1: Ball 1-1: Ball Wild Pitch! Joel Youngblood scores 2-1: Called Strike 2-2: Ground out 5-3 (Groundball, 56, EV 101.9 MPH)
|
| Bottom of the 1st over - 1 run, 0 hits, 1 error, 0 left on base; Montreal 0 - San Diego 1 |
| TOP OF THE 2ND |
|
Montreal Expos batting - Pitching for San Diego Padres : LHP Danny Arizola
|
|
Batting: LHB Ernesto Quevedo
|
0-0: Foul Ball, location: 2F 0-1: Called Strike 0-2: Strikes out swinging
|
|
Batting: SHB Biff Pocoroba
|
0-0: Called Strike 0-1: Ball 1-1: Ball 2-1: Foul Ball, location: 2F 2-2: Strikes out swinging
|
|
Batting: LHB Frank Tanana
|
0-0: Ball 1-0: Ball 2-0: Called Strike 2-1: Foul Ball, location: 2F 2-2: Foul Ball, location: 2F 2-2: Ball 3-2: Strikes out swinging
|
| Top of the 2nd over - 0 runs, 0 hits, 0 errors, 0 left on base; Montreal 0 - San Diego 1 |
| BOTTOM OF THE 2ND |
|
San Diego Padres batting - Pitching for Montreal Expos : LHP Frank Tanana
|
|
Batting: LHB Tom Dunbar
|
0-0: Ball 1-0: SINGLE (Groundball, 56D, EV 95.0 MPH)
|
|
Batting: RHB Nicky Richards
|
0-0: Ball 1-0: Foul Ball, location: 2F 1-1: Called Strike 1-2: Strikes out swinging
|
|
Batting: RHB Kelvin Moore
|
0-0: Ball 1-0: Foul Ball, location: 2F 1-1: Ball 2-1: Foul Ball, location: 2F 2-2: Strikes out swinging
|
|
Batting: LHB Jeffrey Zitek
|
0-0: Ball 1-0: Ball Tom Dunbar steals 2nd base 2-0: Fly out, F8 (Flyball, 8LD, EV 72.5 MPH)
|
| Bottom of the 2nd over - 0 runs, 1 hit, 0 errors, 1 left on base; Montreal 0 - San Diego 1 |
| TOP OF THE 3RD |
|
Montreal Expos batting - Pitching for San Diego Padres : LHP Danny Arizola
|
|
Batting: LHB Guonçalo Fernandes
|
0-0: Called Strike 0-1: Ball 1-1: Ball 2-1: Swinging Strike 2-2: Strikes out looking
|
|
Batting: SHB Garry Templeton
|
0-0: DOUBLE (Line Drive, 7LS, EV 109.4 MPH)
|
|
Batting: LHB Kirk Gibson
|
0-0: Ball 1-0: Called Strike 1-1: Swinging Strike 1-2: Ball 2-2: Foul Ball, location: 2F 2-2: SINGLE (Groundball, 56D, EV 97.5 MPH) Garry Templeton to third Runner from 3rd tries for Home, SAFE, throw by LF to home Kirk Gibson to second
|
|
Batting: RHB Dale Murphy
|
0-0: Ball Kirk Gibson steals 3rd base 1-0: Foul Ball, location: 2F 1-1: Ball 2-1: Foul Ball, location: 2F 2-2: Foul Ball, location: 2F 2-2: Fly out, F4 (Line Drive, 4, EV 63.8 MPH)
|
|
Batting: RHB Luis Sanchez
|
0-0: Ball 1-0: Ball 2-0: Fly out, F4 (Flyball, 34D, EV 89.4 MPH)
|
| Top of the 3rd over - 1 run, 2 hits, 0 errors, 1 left on base; Montreal 1 - San Diego 1 |
| BOTTOM OF THE 3RD |
|
San Diego Padres batting - Pitching for Montreal Expos : LHP Frank Tanana
|
|
Batting: LHB Danny Arizola
|
0-0: Ball 1-0: Called Strike 1-1: Ball 2-1: Ball 3-1: Called Strike 3-2: Strikes out swinging
|
|
Batting: RHB Bob Dernier
|
0-0: Ball 1-0: Ball 2-0: Fly out, F1 (Line Drive, P, EV 73.1 MPH)
|
|
Batting: RHB Joel Youngblood
|
0-0: Ball 1-0: Fly out, F4 (Line Drive, 4, EV 65.6 MPH)
|
| Bottom of the 3rd over - 0 runs, 0 hits, 0 errors, 0 left on base; Montreal 1 - San Diego 1 |
| TOP OF THE 4TH |
|
Montreal Expos batting - Pitching for San Diego Padres : LHP Danny Arizola
|
|
Batting: LHB Timnothy Meyer
|
0-0: Fly out, F8 (Flyball, 89S, EV 88.8 MPH)
|
|
Batting: LHB Ernesto Quevedo
|
0-0: Ball 1-0: Swinging Strike 1-1: Foul Ball, location: 2F 1-2: Ball 2-2: Fly out, F8 (Flyball, 8LD, EV 104.4 MPH)
|
|
Batting: SHB Biff Pocoroba
|
0-0: Ball 1-0: Called Strike 1-1: Ball 2-1: Swinging Strike 2-2: Fly out, F8 (Line Drive, 8RD, EV 93.1 MPH)
|
| Top of the 4th over - 0 runs, 0 hits, 0 errors, 0 left on base; Montreal 1 - San Diego 1 |
| BOTTOM OF THE 4TH |
|
San Diego Padres batting - Pitching for Montreal Expos : LHP Frank Tanana
|
|
Batting: RHB Dennis Dungy
|
0-0: Foul Ball, location: 2F 0-1: Called Strike 0-2: Strikes out swinging
|
|
Batting: RHB Eddy Martinez
|
0-0: Called Strike 0-1: Swinging Strike 0-2: Ground out 5-3 (Groundball, 56S, EV 83.1 MPH)
|
|
Batting: LHB Tom Dunbar
|
0-0: Ball 1-0: Ball 2-0: Ground out 4-3 (Groundball, 4, EV 79.4 MPH)
|
| Bottom of the 4th over - 0 runs, 0 hits, 0 errors, 0 left on base; Montreal 1 - San Diego 1 |
| TOP OF THE 5TH |
|
Montreal Expos batting - Pitching for San Diego Padres : LHP Danny Arizola
|
|
Batting: LHB Frank Tanana
|
0-0: Fly out, F7 (Flyball, 7S, EV 93.8 MPH)
|
|
Batting: LHB Guonçalo Fernandes
|
0-0: Foul Ball, location: 2F 0-1: Ball 1-1: Foul Ball, location: 2F 1-2: SINGLE (Flyball, 89S, EV 88.1 MPH)
|
|
Batting: SHB Garry Templeton
|
0-0: Called Strike 0-1: Ball 1-1: Ball 2-1: Called Strike 2-2: Foul Ball, location: 2F 2-2: Fly out, F5 (Flyball, 5D, EV 88.8 MPH)
|
|
Batting: LHB Kirk Gibson
|
0-0: Ball 1-0: Ground out 4-3 (Groundball, 34, EV 88.8 MPH)
|
| Top of the 5th over - 0 runs, 1 hit, 0 errors, 1 left on base; Montreal 1 - San Diego 1 |
| BOTTOM OF THE 5TH |
|
San Diego Padres batting - Pitching for Montreal Expos : LHP Frank Tanana
|
|
Batting: RHB Nicky Richards
|
0-0: Called Strike 0-1: Fly out, F6 (Popup, 6, EV 63.8 MPH)
|
|
Batting: RHB Kelvin Moore
|
0-0: Ball 1-0: Foul Ball, location: 2F 1-1: Called Strike 1-2: Foul Ball, location: 2F 1-2: SINGLE (Flyball, 4D, EV 90.6 MPH)
|
|
Batting: LHB Jeffrey Zitek
|
0-0: Called Strike 0-1: Foul Ball, location: 2F 0-2: Strikes out looking
|
|
Batting: LHB Danny Arizola
|
0-0: Called Strike 0-1: Foul Ball, location: 2F 0-2: Ball 1-2: Strikes out swinging
|
| Bottom of the 5th over - 0 runs, 1 hit, 0 errors, 1 left on base; Montreal 1 - San Diego 1 |
| TOP OF THE 6TH |
|
Montreal Expos batting - Pitching for San Diego Padres : LHP Danny Arizola
|
|
Batting: RHB Dale Murphy
|
0-0: Ball 1-0: Called Strike 1-1: Called Strike 1-2: Ball 2-2: Foul Ball, location: 2F 2-2: Ball 3-2: Ground out 6-3 (Groundball, 6MD, EV 81.9 MPH)
|
|
Batting: RHB Luis Sanchez
|
0-0: Ball 1-0: Called Strike 1-1: Foul Ball, location: 2F 1-2: Ball 2-2: Ball 3-2: Base on Balls
|
|
Batting: LHB Timnothy Meyer
|
0-0: Ball 1-0: Called Strike 1-1: Foul Ball, location: 2F 1-2: Strikes out swinging
|
|
Batting: LHB Ernesto Quevedo
|
0-0: Swinging Strike 0-1: Ball 1-1: Ball 2-1: Ball 3-1: SINGLE (Groundball, 4D, EV 101.9 MPH) Luis Sanchez to second Runner from 2nd tries for 3rd, SAFE, throw by CF made to third
|
|
Batting: SHB Biff Pocoroba
|
0-0: Called Strike 0-1: Foul Ball, location: 2F 0-2: Ball 1-2: Ball 2-2: Fielders Choice at 2nd, 6-4 (Groundball, 6, EV 105.6 MPH)
|
| Top of the 6th over - 0 runs, 1 hit, 0 errors, 2 left on base; Montreal 1 - San Diego 1 |
| BOTTOM OF THE 6TH |
|
San Diego Padres batting - Pitching for Montreal Expos : LHP Frank Tanana
|
|
Batting: RHB Bob Dernier
|
0-0: Ball 1-0: Ball 2-0: Ball 3-0: Called Strike 3-1: Swinging Strike 3-2: SINGLE (Line Drive, 34, EV 106.3 MPH)
|
|
Batting: RHB Joel Youngblood
|
0-0: Ball 1-0: Called Strike 1-1: Ball 2-1: Grounds into double play, 3-6-3 (Groundball, 34S, EV 83.1 MPH)
|
|
Batting: RHB Dennis Dungy
|
0-0: Ball 1-0: Ball 2-0: Called Strike 2-1: Ball 3-1: Hit by Pitch
|
|
Batting: RHB Eddy Martinez
|
0-0: Ball 1-0: Fly out, F7 (Flyball, 7S, EV 95.0 MPH)
|
| Bottom of the 6th over - 0 runs, 1 hit, 0 errors, 1 left on base; Montreal 1 - San Diego 1 |
| TOP OF THE 7TH |
|
Montreal Expos batting - Pitching for San Diego Padres : LHP Danny Arizola
|
|
Batting: LHB Frank Tanana
|
0-0: Swinging Strike 0-1: Ball 1-1: Ground out 5-3 (Groundball, 5, EV 76.3 MPH)
|
|
Batting: LHB Guonçalo Fernandes
|
0-0: Called Strike 0-1: Foul Ball, location: 2F 0-2: Fly out, F7 (Flyball, 7, EV 85.6 MPH)
|
|
Batting: SHB Garry Templeton
|
0-0: Ball 1-0: SINGLE (Groundball, 56D, EV 98.1 MPH)
|
|
Batting: LHB Kirk Gibson
|
0-0: Called Strike 0-1: Foul Ball, location: 2F 0-2: Ball 1-2: Ground out U3 (Groundball, 3S, EV 70.0 MPH)
|
| Top of the 7th over - 0 runs, 1 hit, 0 errors, 1 left on base; Montreal 1 - San Diego 1 |
| BOTTOM OF THE 7TH |
|
San Diego Padres batting - Pitching for Montreal Expos : LHP Frank Tanana
|
|
Batting: LHB Tom Dunbar
|
0-0: Ground out 1-3 (Groundball, P, EV 62.5 MPH)
|
|
Batting: RHB Nicky Richards
|
0-0: Ball 1-0: Swinging Strike 1-1: Swinging Strike 1-2: Ball 2-2: Fly out, F9 (Flyball, 9S, EV 95.6 MPH)
|
|
Batting: RHB Kelvin Moore
|
0-0: Foul Ball, location: 2F 0-1: Ball 1-1: Foul Ball, location: 2F 1-2: Fly out, F7 (Flyball, 7, EV 90.0 MPH)
|
| Bottom of the 7th over - 0 runs, 0 hits, 0 errors, 0 left on base; Montreal 1 - San Diego 1 |
| TOP OF THE 8TH |
|
Montreal Expos batting - Pitching for San Diego Padres : LHP Danny Arizola
|
|
Batting: RHB Dale Murphy
|
0-0: Called Strike 0-1: Called Strike 0-2: Foul Ball, location: 2F 0-2: Ball 1-2: Fly out, F7 (Flyball, 78S, EV 91.9 MPH)
|
|
Batting: RHB Luis Sanchez
|
0-0: Hit by Pitch
|
|
Batting: LHB Timnothy Meyer
|
0-0: Foul Ball, location: 2F 0-1: Ball 1-1: Foul Ball, location: 2F 1-2: Ball 2-2: Fly out, F8 (Flyball, 89D, EV 90.6 MPH)
|
|
Pitching: LHP Bill Travers
|
|
|
Batting: LHB Ernesto Quevedo
|
0-0: Ball 1-0: Called Strike 1-1: Foul Ball, location: 2F 1-2: Ball 2-2: Strikes out looking
|
| Top of the 8th over - 0 runs, 0 hits, 0 errors, 1 left on base; Montreal 1 - San Diego 1 |
| BOTTOM OF THE 8TH |
|
San Diego Padres batting - Pitching for Montreal Expos : LHP Frank Tanana
|
|
Batting: LHB Jeffrey Zitek
|
0-0: Ball 1-0: Called Strike 1-1: Fly out, F8 (Flyball, 8RM, EV 84.4 MPH)
|
|
Pinch Hitting: RHB Tommy Curran
|
0-0: Called Strike 0-1: Foul Ball, location: 2F 0-2: Ball 1-2: Ball 2-2: Ball 3-2: Foul Ball, location: 2F 3-2: Foul Ball, location: 2F 3-2: Fly out, F9 (Flyball, 9LS, EV 88.1 MPH)
|
|
Batting: RHB Bob Dernier
|
0-0: Swinging Strike 0-1: Ball 1-1: Foul Ball, location: 2F 1-2: Ball 2-2: Reached on error, E6 (Groundball, 4MS, EV 84.4 MPH)
|
|
Batting: RHB Joel Youngblood
|
0-0: Ground out 6-3 (Groundball, 6, EV 109.4 MPH)
|
| Bottom of the 8th over - 0 runs, 0 hits, 1 error, 1 left on base; Montreal 1 - San Diego 1 |
| TOP OF THE 9TH |
|
Montreal Expos batting - Pitching for San Diego Padres : LHP Bill Travers
|
|
Pitching: RHP David Sandoval
|
|
|
Pinch Hitting: LHB Duane Walker
|
0-0: Called Strike 0-1: Ground out 3-1 (Groundball, 34, EV 102.5 MPH)
|
|
Batting: LHB Frank Tanana
|
0-0: Swinging Strike 0-1: Swinging Strike 0-2: Fly out, F4 (Line Drive, 4, EV 68.1 MPH)
|
|
Batting: LHB Guonçalo Fernandes
|
0-0: Ball 1-0: Swinging Strike 1-1: Ball 2-1: Foul Ball, location: 2F 2-2: Strikes out swinging
|
| Top of the 9th over - 0 runs, 0 hits, 0 errors, 0 left on base; Montreal 1 - San Diego 1 |
| BOTTOM OF THE 9TH |
|
San Diego Padres batting - Pitching for Montreal Expos : LHP Frank Tanana
|
|
Now at C: Orlando Sanchez
|
|
|
Batting: RHB Dennis Dungy
|
0-0: Called Strike 0-1: Ball 1-1: Ground out 6-3 (Groundball, 6, EV 85.0 MPH)
|
|
Batting: RHB Eddy Martinez
|
0-0: Called Strike 0-1: Foul Ball, location: 2F 0-2: Ball 1-2: Fly out, F8 (Flyball, 8RXD, EV 93.8 MPH)
|
|
Batting: LHB Tom Dunbar
|
0-0: Foul Ball, location: 2F 0-1: Ground out 4-3 (Groundball, 4M, EV 93.1 MPH)
|
| Bottom of the 9th over - 0 runs, 0 hits, 0 errors, 0 left on base; Montreal 1 - San Diego 1 |
| TOP OF THE 10TH |
|
Montreal Expos batting - Pitching for San Diego Padres : RHP David Sandoval
|
|
Batting: SHB Garry Templeton
|
0-0: Swinging Strike 0-1: Called Strike 0-2: Ball 1-2: Foul Ball, location: 2F 1-2: Strikes out swinging
|
|
Batting: LHB Kirk Gibson
|
0-0: Called Strike 0-1: Called Strike 0-2: Ball 1-2: Strikes out looking
|
|
Batting: RHB Dale Murphy
|
0-0: Ball 1-0: Called Strike 1-1: Fly out, F7 (Flyball, 78S, EV 90.6 MPH)
|
| Top of the 10th over - 0 runs, 0 hits, 0 errors, 0 left on base; Montreal 1 - San Diego 1 |
| BOTTOM OF THE 10TH |
|
San Diego Padres batting - Pitching for Montreal Expos : LHP Frank Tanana
|
|
Batting: RHB Nicky Richards
|
0-0: Ball 1-0: Ball 2-0: Called Strike 2-1: Swinging Strike 2-2: Strikes out looking
|
|
Batting: RHB Kelvin Moore
|
0-0: Ball 1-0: Ball 2-0: Swinging Strike 2-1: Foul Ball, location: 2F 2-2: Ball 3-2: Strikes out swinging
|
|
Pinch Hitting: RHB Dave Edler
|
0-0: Ball 1-0: Called Strike 1-1: Foul Ball, location: 2F 1-2: Ball 2-2: Strikes out swinging
|
| Bottom of the 10th over - 0 runs, 0 hits, 0 errors, 0 left on base; Montreal 1 - San Diego 1 |
| TOP OF THE 11TH |
|
Montreal Expos batting - Pitching for San Diego Padres : RHP David Sandoval
|
|
Now at 3B: Dave Edler
|
|
|
Batting: RHB Luis Sanchez
|
0-0: Fly out, F4 (Popup, 3D, EV 70.0 MPH)
|
|
Batting: LHB Timnothy Meyer
|
0-0: Fly out, F7 (Flyball, 7LD, EV 98.8 MPH)
|
|
Batting: LHB Ernesto Quevedo
|
0-0: Ball 1-0: Called Strike 1-1: Ball 2-1: Called Strike 2-2: SINGLE (Groundball, 6MD, EV 94.4 MPH)
|
|
Batting: LHB Orlando Sanchez
|
0-0: Ball 1-0: Ball Wild Pitch! Ernesto Quevedo to second 2-0: Ground out U3 (Groundball, 34, EV 76.3 MPH)
|
| Top of the 11th over - 0 runs, 1 hit, 0 errors, 1 left on base; Montreal 1 - San Diego 1 |
| BOTTOM OF THE 11TH |
|
San Diego Padres batting - Pitching for Montreal Expos : LHP Frank Tanana
|
|
Pinch Hitting: RHB Mike Calise
|
0-0: Ground out U3 (Groundball, 3S, EV 64.4 MPH)
|
|
Batting: RHB Bob Dernier
|
0-0: Called Strike 0-1: Ball 1-1: Ball 2-1: Ground out 6-3 (Groundball, 6M, EV 86.9 MPH)
|
|
Batting: RHB Joel Youngblood
|
0-0: Ball 1-0: Ball 2-0: Ball 3-0: Called Strike 3-1: Called Strike 3-2: Base on Balls
|
|
Batting: RHB Dennis Dungy
|
0-0: Called Strike 0-1: Called Strike 0-2: Ball 1-2: Ball 2-2: Fly out, F7 (Flyball, 78D, EV 95.0 MPH)
|
| Bottom of the 11th over - 0 runs, 0 hits, 0 errors, 1 left on base; Montreal 1 - San Diego 1 |
| TOP OF THE 12TH |
|
Montreal Expos batting - Pitching for San Diego Padres : RHP David Sandoval
|
|
Pitching: RHP Craig Eaton
|
|
|
Pinch Hitting: RHB Dave Winfield
|
0-0: Called Strike 0-1: Ball 1-1: Fly out, F8 (Flyball, 89D, EV 92.5 MPH)
|
|
Batting: LHB Guonçalo Fernandes
|
0-0: Fly out, F9 (Line Drive, 9, EV 100.6 MPH)
|
|
Batting: SHB Garry Templeton
|
0-0: Ball 1-0: Called Strike 1-1: Ball 2-1: Ball 3-1: Ground out U3 (Groundball, 3, EV 106.9 MPH)
|
| Top of the 12th over - 0 runs, 0 hits, 0 errors, 0 left on base; Montreal 1 - San Diego 1 |
| BOTTOM OF THE 12TH |
|
San Diego Padres batting - Pitching for Montreal Expos : LHP Frank Tanana
|
|
Pitching: LHP Bob Ojeda
|
|
|
Batting: RHB Eddy Martinez
|
0-0: Ball 1-0: Called Strike 1-1: Ball 2-1: SINGLE (Groundball, 6MD, EV 103.1 MPH)
|
|
Batting: LHB Tom Dunbar
|
0-0: Fielders Choice at 2nd, 4-6 (Groundball, 4, EV 80.0 MPH)
|
|
Batting: RHB Nicky Richards
|
0-0: Ball Tom Dunbar is caught stealing 2nd base 2-4 1-0: Ball 2-0: Hit by Pitch
|
|
Batting: RHB Kelvin Moore
|
0-0: Ball 1-0: Foul Ball, location: 2F 1-1: Foul Ball, location: 2F 1-2: Fly out, F9 (Flyball, 9S, EV 85.6 MPH)
|
| Bottom of the 12th over - 0 runs, 1 hit, 0 errors, 1 left on base; Montreal 1 - San Diego 1 |
| TOP OF THE 13TH |
|
Montreal Expos batting - Pitching for San Diego Padres : RHP Craig Eaton
|
|
Batting: LHB Kirk Gibson
|
0-0: Ball 1-0: Ball 2-0: Called Strike 2-1: Foul Ball, location: 2F 2-2: Foul Ball, location: 2F 2-2: SOLO HOME RUN (Flyball, 9LD, EV 113.1 MPH), Distance : 372 ft
|
|
Batting: RHB Dale Murphy
|
0-0: Called Strike 0-1: Ball 1-1: SINGLE (Line Drive, 78S, EV 108.8 MPH)
|
|
Batting: RHB Luis Sanchez
|
0-0: Ball 1-0: Called Strike 1-1: Reached on error, E5 (Groundball, 56S, EV 85.0 MPH) Dale Murphy to second
|
|
Batting: LHB Timnothy Meyer
|
0-0: Swinging Strike 0-1: Fly out, F7 (Flyball, 8LM, EV 93.1 MPH) Runner from 2nd tags up, SAFE at 3rd with throw by LF
|
|
Batting: LHB Ernesto Quevedo
|
0-0: Swinging Strike 0-1: Fielders Choice at 2nd, 6-4 (Groundball, 6, EV 83.8 MPH) Dale Murphy scores
|
|
Batting: LHB Orlando Sanchez
|
0-0: Ball 1-0: Fly out, F2 (Popup, 2L, EV 89.4 MPH)
|
| Top of the 13th over - 2 runs, 2 hits, 1 error, 1 left on base; Montreal 3 - San Diego 1 |
| BOTTOM OF THE 13TH |
|
San Diego Padres batting - Pitching for Montreal Expos : LHP Bob Ojeda
|
|
Now at 2B: Alex Ortiz
|
|
|
Batting: RHB Dave Edler
|
0-0: Ball 1-0: Ball 2-0: Called Strike 2-1: Called Strike 2-2: Strikes out swinging
|
|
Pinch Hitting: LHB Chris Chambliss
|
0-0: Ground out 6-3 (Groundball, 6, EV 86.3 MPH)
|
|
Batting: RHB Bob Dernier
|
0-0: Ball 1-0: Foul Ball, location: 2F 1-1: Ball 2-1: Fly out, F8 (Flyball, 8RS, EV 80.6 MPH)
|
| Bottom of the 13th over - 0 runs, 0 hits, 0 errors, 0 left on base; Montreal 3 - San Diego 1 |
|